 Dungeon Crawl Stone Soup version 0.30-a0-779-g7971cf19c3 (webtiles) character file.

Game seed: 10821731278585422542

1234 jimonade the Cleaver (level 8, 0/67 HPs)
             Began as a Minotaur Gladiator on Feb 17, 2023.
             Slain by Duvessa
             ... wielding a +0 short sword
              (9 damage)
             ... on level 5 of the Dungeon.
             The game lasted 00:07:28 (3330 turns).

jimonade the Cleaver (Minotaur Gladiator)           Turns: 3330, Time: 00:07:29

Health: 0/67       AC:  4    Str: 19    XL:     8   Next: 24%
Magic:  7/7        EV: 14    Int:  7    God:
Gold:   212        SH:  0    Dex: 18    Spells: 7/7 levels left

rFire   . . .      SeeInvis .    a - +0 war axe
rCold   . . .      Faith    .    (no shield)
rNeg    + . .      Spirit   .    u - +1 leather armour of Too Many Cooks {rN+ Regen+}
rPois   .          Reflect  .    c - +0 hat
rElec   .          Harm     .    (no cloak)
rCorr   +          Rampage  .    (no gloves)
Will    .....                    (no boots)
Stlth   ++                       (no amulet)
HPRegen 1.11/turn                z - +6 ring of dexterity
MPRegen 0.10/turn                C - ring of resist corrosion

@: studying Unarmed Combat
A: horns 2, retaliatory headbutt
a: no special abilities


You were on level 5 of the Dungeon.
You visited 1 branch of the dungeon, and saw 5 of its levels.
You also visited: Sewer.

You collected 212 gold pieces.

Inventory:

Hand Weapons
 a - a +0 war axe (weapon)
 l - a +0 sling
 m - a +3 dagger of electrocution
 B - a +1 short sword of venom
 K - a +0 war axe
Missiles
 d - 3 throwing nets (quivered)
 e - a javelin
 i - 35 stones
 o - 7 atropa-tipped darts
 E - 9 poisoned darts
Armour
 b - a +0 leather armour
 c - a +0 hat (worn)
 u - the +1 leather armour of Too Many Cooks (worn) {rN+ Regen+}
   (You found it on level 2 of the Dungeon)

   rN:        It protects you from negative energy.
   Regen:     It increases your rate of health regeneration.
 v - a +0 ring mail
Jewellery
 z - a +6 ring of dexterity (left hand)
 C - a ring of resist corrosion (right hand)
 H - a ring of see invisible
 J - a ring of wizardry
Wands
 D - a wand of flame (35)
Scrolls
 j - a scroll of fog {unknown}
 k - 2 scrolls of teleportation
 n - a scroll of vulnerability {unknown}
 r - 3 scrolls of magic mapping
 t - a scroll of silence {unknown}
 w - a scroll of amnesia {unknown}
 y - a scroll of enchant weapon {unknown}
 F - 2 scrolls of noise {unknown}
 I - 2 scrolls of blinking
Potions
 f - a potion of heal wounds {unknown}
 g - 2 potions of attraction {unknown}
 h - a potion of might {unknown}
 p - 2 potions of curing {unknown}
 q - a potion of lignification {unknown}
 s - 2 potions of flight {unknown}
 x - a potion of magic {unknown}
 A - a potion of ambrosia {unknown}
 G - a potion of cancellation {unknown}
 L - a potion of brilliance {unknown}


   Skills:
 + Level 4.6 Fighting
 * Level 10.4 Axes
 + Level 2.0 Throwing
 + Level 3.1 Armour
 + Level 4.7 Dodging
 + Level 1.1 Stealth


You had 7 spell levels left.
You didn't know any spells.
Your spell library contained the following spells:

 Spells                   Type           Power      Damage    Failure   Level
 Necrotise                Necr           0%         1d4       50%         1
 Summon Guardian Golem    Hex/Summ       0%         N/A       86%         3
 Vampiric Draining        Necr           0%         2d6       86%         3
 Animate Armour           Summ/Erth      0%         N/A       99%         4
 Summon Lightning Spire   Summ/Air       0%         N/A       99%         4
 Agony                    Necr           0%         N/A       100%        5
 Blade Hands              Tmut           0%         N/A       100%        5
 Iron Shot                Conj/Erth      0%         9d1       100%        6
 Orb of Destruction       Conj           0%         9d5       100%        7
 Spellforged Servitor     Conj/Summ      0%         N/A       100%        7
 Storm Form               Tmut/Air       0%         N/A       100%        7
 Maxwell's Capacitive Co  Air            0%         ∞         100%        8


Dungeon Overview and Level Annotations

Branches:
Dungeon (5/15)              Sewer (visited)
 Temple: D:4-7

Altars:
Cheibriados
The Shining One
Lugonu

Annotations:
D:4 Menkaure, Robin
D:5 2 runed translucent doors, Duvessa


Innate Abilities, Weirdness & Mutations

You have a pair of horns on your head.
You reflexively headbutt those who attack you in melee.


Message History

Items here: ! ) [ †.
You hit Duvessa.
Duvessa is lightly wounded.
Duvessa hits you with a +0 short sword! x2
You barely miss Duvessa. Your headbutt misses Duvessa.
Duvessa is lightly wounded.
Duvessa barely misses you.
You closely miss Duvessa.
Duvessa is lightly wounded.
Duvessa closely misses you. Duvessa hits you with a +0 short sword.
You slash Duvessa! You headbutt Duvessa.
Duvessa is moderately wounded.
Duvessa misses you.
You hit Duvessa but do no damage. You headbutt Duvessa, but do no damage.
Duvessa is moderately wounded.
Duvessa closely misses you.
You barely miss Duvessa.
Duvessa is moderately wounded.
Duvessa closely misses you. Duvessa barely misses you.
You slash Duvessa! You headbutt Duvessa.
Duvessa is severely wounded.
Duvessa misses you.
You slash Duvessa!
Duvessa is almost dead.
Duvessa hits you with a +0 short sword! Duvessa hits you with a +0 short sword.
You barely miss Duvessa.
Duvessa is almost dead.
Duvessa hits you with a +0 short sword!
You barely miss Duvessa. You headbutt Duvessa, but do no damage.
Duvessa is almost dead.
Duvessa misses you. Duvessa hits you with a +0 short sword!
* * * LOW HITPOINT WARNING * * *
You slash Duvessa!
Duvessa is almost dead.
Duvessa hits you with a +0 short sword!
* * * LOW HITPOINT WARNING * * *
You barely miss Duvessa.
Duvessa is almost dead.
Duvessa hits you with a +0 short sword!
You die...

# #.....#### *,* #
##.#### *,* # #.# *,*
##### ##'## *,*
....####...#### *,**
..............# **#,,*
##..#.#..###..# **.##,*
.#..#.#..#....####<..#.#
.#..###..###..'.@e.....#
..............#.###..#.#
.#..#.#..#.#.##.# *,,..#
.#..#.#..#.#.##.#**,***#
##..###..###.###.,,**
.............# *#.**
.#..###..###.# *.#
.#....#..#,..# *,#
##..###..###.# *,*


You could see Duvessa (berserk).

Vanquished Creatures
  A water moccasin (D:5)
  A black bear (D:3)
  An ogre (D:5)
  2 bullfrogs (Sewer)
  A necrophage (D:5)
  A scorpion (D:5)
  Dowan (D:5)
  A killer bee (D:5)
  2 hounds (D:5)
  6 jellies
  An orc priest (D:3)
  Ijyb (D:5)
  An orc wizard (D:5)
  3 river rats (D:5)
  14 adders
  A shadow imp (D:5)
  A white imp (D:5)
  4 worms
  A dart slug (D:2)
  8 orcs
  13 endoplasms
  7 giant cockroaches
  9 goblins
  2 hobgoblins
  19 kobolds
  11 quokkas
  7 ball pythons
  4 bats
  6 frilled lizards
  11 rats
141 creatures vanquished.

Vanquished Creatures (others)
  5 fungi (D:3)
  8 toadstools (D:3)
13 creatures vanquished.

Grand Total: 154 creatures vanquished

Notes
Turn   | Place    | Note
-------+----------+-------------------------------------------
     0 | D:1      | jimonade the Minotaur Gladiator began the quest for the
                  | Orb.
     0 | D:1      | Reached XP level 1. HP: 18/18 MP: 0/0
   279 | D:1      | Reached skill level 4 in Axes
   543 | D:1      | Reached XP level 2. HP: 18/25 MP: 1/1
  1202 | D:2      | Reached skill level 1 in Armour
  1202 | D:2      | Reached XP level 3. HP: 30/30 MP: 2/2
  1404 | D:2      | Reached skill level 5 in Axes
  1499 | D:2      | Reached XP level 4. HP: 25/37 MP: 3/3
  1629 | D:2      | Identified the +1 leather armour of Too Many Cooks {rN+
                  | Regen+}
  1766 | D:3      | Found a snail-covered altar of Cheibriados.
  1878 | D:3      | Reached skill level 6 in Axes
  1878 | D:3      | Reached XP level 5. HP: 28/45 MP: 4/4
  2007 | D:3      | Found a glowing golden altar of the Shining One.
  2007 | D:3      | Noticed a black bear
  2021 | D:3      | Killed a black bear
  2022 | D:3      | Reached skill level 7 in Axes
  2022 | D:3      | Reached XP level 6. HP: 44/51 MP: 5/5
  2198 | D:3      | Found a faded altar of an unknown god.
  2500 | D:4      | Noticed Robin
  2503 | D:4      | Noticed Menkaure
  2514 | D:5      | Entered Level 5 of the Dungeon
  2541 | D:5      | Reached skill level 8 in Axes
  2572 | D:5      | Noticed Ijyb
  2582 | D:5      | Reached XP level 7. HP: 58/58 MP: 6/6
  2589 | D:5      | Killed Ijyb
  2624 | D:5      | Found a glowing drain.
  2628 | Sewer    | Entered a sewer
  2842 | Sewer    | Reached skill level 9 in Axes
  3023 | D:5      | Reached skill level 10 in Axes
  3023 | D:5      | Reached XP level 8. HP: 55/67 MP: 7/7
  3035 | D:5      | Reached skill level 1 in Stealth
  3158 | D:5      | Found a large runed translucent door.
  3160 | D:5      | Found a large runed translucent door.
  3162 | D:5      | Found a corrupted altar of Lugonu.
  3300 | D:5      | Noticed Dowan
  3311 | D:5      | Killed Dowan
  3311 | D:5      | Noticed Duvessa
  3330 | D:5      | Slain by Duvessa

Illustrated notes

Levels and vault maps discovered:
D:1:      lightli_arrival_maybe_door_vault, layout_loops_corners
D:2:      layout_basic, minmay_pentomino_z4
D:3:      cheibrodos_fertilizer, layout_rooms, mainiacjoe_overflow_alcove_4,
          mainiacjoe_overflow_catwalk, shapermc_ecumenical_altar_notcrosses,
          minmay_ruptured
D:4:      layout_loops_ring, trog_hazing_becter, chequers_serial_rivers_micro_c,
          chequers_serial_rivers_room_a, grunt_ministairs_14, grunt_tough_drop,
          uniq_menkaure, uniq_robin, uniq_crazy_yiuf_cottage
D:5:      due_chaos_kobolds, layout_loops_corners, lightli_sewer_entry_pipes,
          corexii_leaking_fountain, minivault_11, minivault_5,
          minmay_misc_feat_rows, grunt_ministairs_10, roderic_lattice_a,
          minmay_misc_feat_nine_boxes, minmay_manual_monstrance, uniq_duvessa,
          uniq_ijyb, uniq_grinder

Skill      XL: |  1  2  3  4  5  6  7  8 |
---------------+-------------------------+-----
Axes           | 4 5 6 7 8 10 | 10.4
Armour         | 1 2 3 |  3.1
Fighting       | 3 4 |  4.6
Dodging        | 4 |  4.7
Stealth        | 1 |  1.1
Throwing       | |  2.0

Action                     |  1- 3 |  4- 6 |  7- 9 || total
---------------------------+-------+-------+-------++-------
  Melee: War axe           |    74 |   108 |   148 ||   330
         Headbutt          |    10 |    16 |    23 ||    49
         Punch             |       |     2 |     1 ||     3
    Use: Scroll            |       |     2 |       ||     2
   Stab: Sleeping          |     1 |     1 |     1 ||     3
 Armour: Leather armour    |     9 |    33 |    33 ||    75
  Dodge: Dodged            |    43 |    67 |   108 ||   218

Table legend: (Time is in decaauts)
 A = Elapsed time spent in this place.
 B = Non-inter-level travel time spent in this place.
 C = Inter-level travel time spent in this place.
 D = Time resting spent in this place.
 E = Time spent auto-exploring this place.
 F = Levels seen in this place.
 G = Mean time per level.
                   A        B        C        D        E       F      G
               +--------+--------+--------+--------+--------+-----+--------+
         Total |   3465 |   3340 |    125 |      7 |   2285 |   6 |  577.5 |
       Dungeon |   3142 |   3017 |    125 |      7 |   2218 |   5 |  628.4 |
         Sewer |    322 |    322 |      0 |      0 |     67 |   1 |  322.0 |
               +--------+--------+--------+--------+--------+-----+--------+

Top non-repeatable levels by time:
     D:2: 925 daAuts
     D:1: 860 daAuts
     D:3: 681 daAuts
     D:5: 592 daAuts
   Sewer: 322 daAuts
     D:4: 83 daAuts
